[Event "German Bundesliga 2024-25"]
[Site "Germany"]
[Date "2024.11.30"]
[Round "3.5"]
[White "Markus, Robert"]
[Black "Stojanovic, Dalibor"]
[Result "1/2-1/2"]
[Annotator "TA"]
[ECO "E62"]
[WhiteElo "2592"]
[BlackElo "2446"]
[PlyCount "46"]
[EventDate "2024.09.27"]
[EventType "team-tourn"]
[EventCountry "GER"]
[SourceTitle "playchess.com"]
[Source "ChessBase"]
[SourceQuality "1"]
[WhiteTeam "Kirchweyhe"]
[BlackTeam "Deggendorf"]
[TimeControl "40/5400+30:1800+30"]

1. d4 Nf6 2. c4 g6 3. Nf3 Bg7 4. g3 O-O 5. Bg2 d6 6. Nc3 Nc6 7. O-O e5 8. dxe5 dxe5 9. Bg5 Qxd1 10. Rfxd1 h6 11. Be3 Be6 {[%emt 0:13:44] White is slightly better.} 12. b3 e4 13. Nd4 Nxd4 14. Bxd4 Bf5 15. h3 h5 16. f3 Rfe8 17. g4 exf3 $1 18. exf3 Be6 19. Rd3 Rad8 {[%emt 0:03:58] [#] ...c5 would now be deadly.} 20. Rad1 a6 {[%emt 0:00:30] Repels Nb5} 21. Kf2 hxg4 22. hxg4 c6 23. Bf1 Bc8 {[%emt 0:00:32] Weighted Error Value: White=0.04 (flawless) /Black=0.05 (flawless) .  Inaccurate:     	White=1     	Black=1      OK:         	White=5     	Black=4      Best:        	White=1     	Black=2      Strong:       	---       	Black=1} 1/2-1/2

[Event "German Bundesliga 2024-25"]
[Site "Germany"]
[Date "2024.11.30"]
[Round "3.5"]
[White "Michalik, Peter"]
[Black "Kamsky, Gata"]
[Result "1/2-1/2"]
[Annotator "RC"]
[ECO "E73"]
[WhiteElo "2562"]
[BlackElo "2609"]
[PlyCount "46"]
[EventDate "2024.09.27"]
[EventType "team-tourn"]
[EventCountry "GER"]
[SourceTitle "playchess.com"]
[Source "ChessBase"]
[SourceQuality "1"]
[WhiteTeam "TU Dresden"]
[BlackTeam "Deizisau"]
[TimeControl "40/5400+30:1800+30"]

1. d4 Nf6 2. c4 g6 3. Nc3 Bg7 4. e4 d6 5. Be2 e5 6. dxe5 dxe5 7. Qxd8+ Kxd8 8. f4 Nc6 9. Nf3 Be6 10. O-O h6 11. f5 gxf5 12. exf5 Bd7 13. Be3 Re8 14. h3 Kc8 15. g4 e4 16. Nd2 Nb4 17. Rac1 a5 18. Rfd1 Bc6 19. Bd4 Rd8 20. Be5 Re8 21. Bd4 Rd8 22. Be5 Re8 23. Bd4 Rd8 1/2-1/2

[Event "German Bundesliga 2024-25"]
[Site "Germany"]
[Date "2024.11.30"]
[Round "3.5"]
[White "Van Foreest, Lucas"]
[Black "Kraus, Tomas"]
[Result "1/2-1/2"]
[Annotator "TA"]
[ECO "A07"]
[WhiteElo "2520"]
[BlackElo "2457"]
[PlyCount "45"]
[EventDate "2024.09.27"]
[EventType "team-tourn"]
[EventCountry "GER"]
[SourceTitle "playchess.com"]
[Source "ChessBase"]
[SourceQuality "1"]
[WhiteTeam "Werder Bremen"]
[BlackTeam "Heimbach-Weis-Neuwied"]
[TimeControl "40/5400+30:1800+30"]

1. Nf3 d5 2. g3 b6 3. Bg2 Bb7 4. O-O Nd7 5. c4 dxc4 6. Na3 Ngf6 7. Nxc4 e6 8. b3 Be7 9. Bb2 O-O 10. d4 c5 11. Rc1 Rc8 {[%emt 0:01:54] The position is equal.} 12. Qd3 Be4 13. Qe3 Qc7 14. Nce5 Qb7 15. Nxd7 Nxd7 16. dxc5 Nxc5 17. Rfd1 a5 18. Qf4 f6 19. Qg4 Bf5 20. Qh4 Be4 21. Qg4 Bf5 22. Qh4 {[%emt 0:00:11] Threatening Nd4.} Be4 23. Qg4 {[%emt 0:00:27] An uneventful encounter.   Weighted Error Value: White=0.03 (flawless) /Black=0.02 (flawless) .  Inaccurate:     	White=1     	---        OK:         	White=6     	Black=4} 1/2-1/2

[Event "German Bundesliga 2024-25"]
[Site "Germany"]
[Date "2024.11.30"]
[Round "3.5"]
[White "Papp, Gabor"]
[Black "Sindarov, Javokhir"]
[Result "0-1"]
[Annotator "RC"]
[ECO "C55"]
[WhiteElo "2511"]
[BlackElo "2682"]
[PlyCount "120"]
[EventDate "2024.09.27"]
[EventType "team-tourn"]
[EventCountry "GER"]
[SourceTitle "playchess.com"]
[Source "ChessBase"]
[SourceQuality "1"]
[WhiteTeam "Hamburg"]
[BlackTeam "Duesseldorf"]
[TimeControl "40/5400+30:1800+30"]

1. e4 e5 2. Nf3 Nc6 3. Bc4 Nf6 4. d3 h6 5. O-O d6 6. c3 g5 7. Nbd2 Bg7 8. Bb3 O-O 9. h3 a5 10. a4 Ne7 11. Nc4 Ng6 12. Ne3 Re8 13. Nh2 c6 14. Nhg4 Nf4 15. Kh2 d5 16. g3 dxe4 17. gxf4 exf4 18. Nxf6+ Qxf6 19. Ng4 Qg6 20. dxe4 h5 21. f3 hxg4 22. hxg4 Be6 23. Bxe6 Rxe6 24. Bd2 Rd8 25. Qe2 Red6 26. Rfd1 Be5 27. Be1 Kg7 28. Rxd6 Qxd6 29. Kg1 Rh8 30. Rd1 Qh6 31. Qg2 Qe6 32. Qc2 Bc7 33. Bf2 Rh3 34. Qd3 Qh6 35. Kf1 Rh2 36. Qd4+ Kg8 37. Ke2 Qe6 38. Qc5 Kh7 39. Rd2 Be5 40. b3 Bf6 41. c4 Be7 42. Qxa5 b5 43. Kd1 bxc4 44. Bd4 Rh1+ 45. Kc2 cxb3+ 46. Kb2 Qd6 47. Kxb3 Qa3+ 48. Kc4 Bd8 49. Qb4 Qxf3 50. Qb2 Qxg4 51. Rh2+ Rxh2 52. Qxh2+ Qh4 53. Qxh4+ gxh4 54. Kd3 h3 55. Bg1 f3 56. Bh2 Bb6 57. a5 Bxa5 58. Ke3 Bc3 59. Kxf3 f6 60. Kg4 Be5 0-1

[Event "German Bundesliga 2024-25"]
[Site "Germany"]
[Date "2024.11.30"]
[Round "3.6"]
[White "Van Foreest, Jorden"]
[Black "Costa, Leonardo"]
[Result "1-0"]
[Annotator "TA"]
[ECO "C54"]
[WhiteElo "2687"]
[BlackElo "2501"]
[PlyCount "77"]
[EventDate "2024.09.27"]
[EventType "team-tourn"]
[EventCountry "GER"]
[SourceTitle "playchess.com"]
[Source "ChessBase"]
[SourceQuality "1"]
[WhiteTeam "Duesseldorf"]
[BlackTeam "Hamburg"]
[TimeControl "40/5400+30:1800+30"]

1. e4 e5 2. Nf3 Nc6 3. Bc4 Bc5 4. c3 Nf6 5. d3 d6 6. O-O a5 7. Re1 Ba7 8. Bb3 O-O {[%emt 0:00:06] The position is equal.} 9. h3 h6 10. Nbd2 Be6 11. Ba4 Qb8 12. Nf1 b5 13. Bc2 Ne7 14. d4 Ng6 15. a4 b4 16. Ng3 Re8 17. Be3 c6 18. Qd2 bxc3 19. bxc3 Qc7 20. Nf5 exd4 21. cxd4 {[%emt 0:15:24][%cal Oe3h6] [#] And now Bxh6! would win.} Bxf5 22. exf5 Nf8 23. g4 {[%emt 0:13:49][%cal Oe3h6,Bg2g4,Bg4g5][%mdl 32] Bxh6! is the strong threat.} N8h7 24. Bf4 (24. Kg2 $14) 24... Rab8 25. Kg2 Nd5 26. h4 Nxf4+ (26... c5 $14) 27. Qxf4 $16 Nf6 28. g5 Nd5 29. Qg3 $36 {[%emt 0:00:04][%mdl 2048] Black is under pressure.} h5 $1 30. Bb3 Ne3+ (30... Rxe1 $2 31. Rxe1 g6 (31... Rxb3 32. Re8+ Kh7 33. g6+ fxg6 34. Qxg6#) 32. Bxd5 cxd5 33. fxg6 $18) 31. fxe3 (31. Rxe3 $14 Rxe3 32. fxe3 (32. Bxf7+ Qxf7 33. fxe3 Rb2+ 34. Kg1 Qxf5 $11) 32... Rxb3 33. g6 fxg6 (33... Rxe3 $2 34. Qg5 $18) 34. Qxg6) 31... Rxb3 $11 32. g6 $1 Re4 $2 {[%emt 0:00:44][%mdl 8192] This move loses the game for Black.} (32... Rexe3 $2 33. Qg5 Rb2+ (33... Rxf3 34. Re8#) 34. Kh1 Bxd4 35. Qxh5 (35. Rxe3 Bxe3 36. Qxe3 Qd7 $18) (35. Nxd4 d5 $18) 35... fxg6 36. fxg6 $18) (32... Rbxe3 $2 33. Rxe3 Rxe3 34. Qg5 $18) (32... Rb2+ $11 {and Black has nothing to worry.} 33. Kh3 fxg6 34. Qxg6 Qf7) 33. Ng5 $1 $18 {[%emt 0:00:52][%csl LRe4,LRf7] White is clearly winning.} Qe7 {[%emt 0:01:33] [#] Strongly threatening ...Rg4.} 34. gxf7+ Kf8 35. Nh7+ (35. Ne6+ Rxe6 36. fxe6 Qxe6 $16) 35... Kxf7 36. Qg6+ Kg8 37. f6 (37. Qxh5 $2 {perishes.} Rxh4 (37... Rexe3 $2 {is the wrong capture.} 38. Ng5 $18) 38. Qg5 Qxg5+ 39. Nxg5 Rg4+ 40. Kf3 Rxg5 $19) 37... Rb2+ 38. Kf3 Qd7 39. f7+ {[%emt 0:00:10] Weighted Error Value: White=0.13 (very precise) /Black=0.32.  Loses game:     	---       	Black=1      Mistake:       	White=3     	Black=1      Inaccurate:     	White=2     	Black=4      OK:         	White=9     	Black=12     Best:        	White=2     	Black=1      Strong:       	White=1     	Black=1} (39. Qxe4 $2 {leads to mate.} Qh3+ 40. Kf4 Qg4#) 1-0

[Event "German Bundesliga 2024-25"]
[Site "Germany"]
[Date "2024.11.30"]
[Round "3.6"]
[White "Banusz, Tamas"]
[Black "Hoffmann, Paul"]
[Result "1-0"]
[Annotator "RC"]
[ECO "A07"]
[WhiteElo "2576"]
[BlackElo "2375"]
[PlyCount "49"]
[EventDate "2024.09.27"]
[EventType "team-tourn"]
[EventCountry "GER"]
[SourceTitle "playchess.com"]
[Source "ChessBase"]
[SourceQuality "1"]
[WhiteTeam "Deizisau"]
[BlackTeam "TU Dresden"]
[TimeControl "40/5400+30:1800+30"]

1. Nf3 Nf6 2. g3 e6 3. Bg2 d5 4. O-O Be7 5. d3 O-O 6. Bf4 Nh5 7. Bd2 f5 8. c4 c6 9. Bc3 Nf6 10. Nbd2 c5 11. e3 Nc6 12. d4 dxc4 13. dxc5 Nd5 14. Bd4 Nxd4 15. exd4 b5 16. a4 Ba6 17. Re1 Rf6 18. Ne5 Rc8 19. axb5 Bxb5 20. Ndxc4 f4 21. Rxa7 fxg3 22. hxg3 Rxc5 23. Rxe7 Qxe7 24. dxc5 Qxc5 25. Ne3 1-0

[Event "German Bundesliga 2024-25"]
[Site "Germany"]
[Date "2024.11.30"]
[Round "3.6"]
[White "Kosakowski, Jakub"]
[Black "Hracek, Zbynek"]
[Result "1/2-1/2"]
[Annotator "TA"]
[ECO "C45"]
[WhiteElo "2516"]
[BlackElo "2541"]
[PlyCount "40"]
[EventDate "2024.09.27"]
[EventType "team-tourn"]
[EventCountry "GER"]
[SourceTitle "playchess.com"]
[Source "ChessBase"]
[SourceQuality "1"]
[WhiteTeam "Heimbach-Weis-Neuwied"]
[BlackTeam "Werder Bremen"]
[TimeControl "40/5400+30:1800+30"]

1. e4 e5 2. Nf3 Nc6 3. d4 exd4 4. Nxd4 Nf6 5. Nxc6 bxc6 6. Bd3 d5 7. exd5 cxd5 8. O-O Be7 9. c4 d4 10. Bg5 O-O 11. Nd2 Rb8 12. Rb1 Re8 {[%emt 0:15:07] The position is equal.} 13. Bxf6 Bxf6 14. b4 Bb7 15. Qc2 g6 16. Rfe1 Rxe1+ 17. Rxe1 c5 18. bxc5 Bc6 {[%emt 0:17:25] Against Qa4. A strong pair of Bishops.} 19. Rb1 Rxb1+ 20. Qxb1 Qa5 {[%emt 0:00:19][%csl LRc5,LRd2] A rather calm draw.   Weighted Error Value: White=0.05 (flawless) /Black=0.05 (flawless) .  Inaccurate:     	White=1     	Black=1      OK:         	White=5     	Black=6} 1/2-1/2

[Event "German Bundesliga 2024-25"]
[Site "Germany"]
[Date "2024.11.30"]
[Round "3.6"]
[White "Tilicheev, Viacheslav"]
[Black "Stevic, Hrvoje"]
[Result "1/2-1/2"]
[Annotator "TA"]
[ECO "D20"]
[WhiteElo "2437"]
[BlackElo "2548"]
[PlyCount "54"]
[EventDate "2024.09.27"]
[EventType "team-tourn"]
[EventCountry "GER"]
[SourceTitle "playchess.com"]
[Source "ChessBase"]
[SourceQuality "1"]
[WhiteTeam "Deggendorf"]
[BlackTeam "Kirchweyhe"]
[TimeControl "40/5400+30:1800+30"]

1. d4 d5 2. c4 dxc4 3. e4 e5 4. Nf3 Bb4+ 5. Bd2 Bxd2+ 6. Nbxd2 exd4 7. Bxc4 Nc6 8. O-O {[%emt 0:02:11][%mdl 1024] White has compensation.} Nge7 9. Ng5 Ne5 10. Bb3 $1 N7c6 {[%emt 0:07:26] White has an edge.} 11. f4 {[%emt 0:05:04][%cal Od2f3] The position is equal.} Bg4 12. Qe1 {[%emt 0:06:26][%cal Oe1g3] [#] aiming for Qg3!} h6 $1 13. Qg3 hxg5 14. fxe5 Be6 15. Bxe6 fxe6 16. Nf3 Qe7 17. Nxg5 {[%emt 0:00:46] [#] Rf7 is the strong threat.} Rh5 $1 18. Qb3 Qxg5 (18... Rxg5 $6 19. Qxb7 Rd8 20. Qxc6+ Qd7 21. Qc1 $16) 19. Qxb7 Qe3+ 20. Kh1 {[%emt 0:03:51] Dancing on a razor blade.} Nd8 21. Qxa8 {[%emt 0:00:36] Black must now prevent Rf3.} Qh6 $1 22. Rf8+ Kxf8 23. Qxd8+ Kf7 24. Rf1+ (24. Qxd4 $2 {is the wrong capture.} Rxh2+ 25. Kg1 Rh1+ 26. Kf2 Rxa1 $19) 24... Kg6 25. Qe8+ $2 (25. Qxc7 $2 {leads to mate.} Rxh2+ 26. Kg1 Rh1+ 27. Kf2 Qe3#) (25. h3 $11) 25... Kh7 $18 26. h3 Rxh3+ 27. gxh3 Qxh3+ {[%emt 0:00:03][%mdl 32768] Weighted Error Value: White=0.02 (flawless) /Black=0.00 (flawless) .  Loses game:     	---       	Black=1      Mistake:       	White=1     	---        OK:         	White=11    	Black=10     Best:        	White=2     	Black=3      Strong:       	White=1     	Black=3     . An unexpected result.} 1/2-1/2

[Event "German Bundesliga 2024-25"]
[Site "Germany"]
[Date "2024.11.30"]
[Round "3.7"]
[White "Jovanovic, Zoran"]
[Black "Miljkovic, Miroslav D"]
[Result "1/2-1/2"]
[Annotator "TA"]
[ECO "C77"]
[WhiteElo "2520"]
[BlackElo "2422"]
[PlyCount "40"]
[EventDate "2024.09.27"]
[EventType "team-tourn"]
[EventCountry "GER"]
[SourceTitle "playchess.com"]
[Source "ChessBase"]
[SourceQuality "1"]
[WhiteTeam "Kirchweyhe"]
[BlackTeam "Deggendorf"]
[TimeControl "40/5400+30:1800+30"]

1. e4 e5 2. Nf3 Nc6 3. Bb5 a6 4. Ba4 Nf6 5. Nc3 d6 6. Bxc6+ bxc6 7. d4 Nd7 8. b3 Be7 9. Bb2 {[%emt 0:02:41] White has an edge.} O-O 10. dxe5 dxe5 11. Na4 Bd6 12. Qe2 Qe7 13. c4 Bb4+ 14. Bc3 Bxc3+ 15. Nxc3 Nc5 16. O-O Bg4 17. h3 Bxf3 18. Qxf3 Rad8 19. Rad1 {[%emt 0:00:23] Wards off Rd3} Ne6 20. Rxd8 Rxd8 {[%emt 0:02:22] Weighted Error Value: White=0.12 (very precise) /Black=0.07 (flawless) .  Inaccurate:     	White=2     	Black=1      OK:         	White=2     	Black=5} 1/2-1/2

[Event "German Bundesliga 2024-25"]
[Site "Germany"]
[Date "2024.11.30"]
[Round "3.7"]
[White "Babula, Vlastimil"]
[Black "Winterberg, Lukas"]
[Result "1/2-1/2"]
[Annotator "TA"]
[ECO "D27"]
[WhiteElo "2496"]
[BlackElo "2410"]
[PlyCount "49"]
[EventDate "2024.09.27"]
[EventType "team-tourn"]
[EventCountry "GER"]
[SourceTitle "playchess.com"]
[Source "ChessBase"]
[SourceQuality "1"]
[WhiteTeam "Werder Bremen"]
[BlackTeam "Heimbach-Weis-Neuwied"]
[TimeControl "40/5400+30:1800+30"]

1. d4 d5 2. c4 dxc4 3. e3 Nf6 4. Bxc4 e6 5. Nf3 c5 6. O-O Nc6 7. Qe2 a6 8. a4 cxd4 9. Rd1 Be7 10. exd4 O-O 11. Nc3 Nb4 12. Ne5 Bd7 13. h4 {[%emt 0:10:56] [#] aiming for d5.} Bc6 14. Nxc6 bxc6 15. h5 h6 16. Bf4 {[%emt 0:06:11] The position is equal.} Bd6 17. Be5 a5 18. Rac1 Rb8 19. g3 Qe7 20. Bxf6 gxf6 21. Ne4 f5 22. Nxd6 Qxd6 23. Qe5 Qxe5 24. dxe5 Rfd8 25. Kf1 {[%emt 0:08:25] An uneventful encounter.   Weighted Error Value: White=0.04 (flawless) /Black=0.04 (flawless) .  OK:         	White=7     	Black=4} 1/2-1/2

[Event "German Bundesliga 2024-25"]
[Site "Germany"]
[Date "2024.11.30"]
[Round "3.7"]
[White "Zwirs, Nico"]
[Black "Esipenko, Andrey"]
[Result "1/2-1/2"]
[Annotator "TA"]
[ECO "C55"]
[WhiteElo "2480"]
[BlackElo "2682"]
[PlyCount "77"]
[EventDate "2024.09.27"]
[EventType "team-tourn"]
[EventCountry "GER"]
[SourceTitle "playchess.com"]
[Source "ChessBase"]
[SourceQuality "1"]
[WhiteTeam "Hamburg"]
[BlackTeam "Duesseldorf"]
[TimeControl "40/5400+30:1800+30"]

1. e4 e5 2. Nf3 Nc6 3. Bc4 Nf6 4. d3 Be7 5. O-O O-O 6. Re1 d6 7. a4 Be6 8. Nbd2 h6 9. h3 Bxc4 10. Nxc4 Re8 11. c3 Bf8 12. Qb3 Rb8 13. Ne3 Qd7 14. a5 Ne7 15. c4 Ng6 16. Nd5 Nh5 17. Be3 c6 18. Nc3 Nhf4 19. Qd1 f5 (19... Nxh3+ $11 20. gxh3 Qxh3) 20. Ne2 {[%emt 0:11:32] [#]} ({White should play} 20. Bxa7 $14 fxe4 21. Rxe4 (21. dxe4 $2 Nxg2 22. Rf1 Ra8 $19)) 20... Nxh3+ $1 21. gxh3 {[%emt 0:02:21] Kh2 is the strong threat.} f4 $1 22. Kh2 fxe3 23. fxe3 b5 {[%emt 0:00:07] Strongly threatening ...bxc4.} 24. axb6 Rxb6 25. b3 d5 {[%emt 0:04:58] Threatens to win with ...dxe4.} 26. Rg1 Qf7 27. Ng3 Rd8 (27... d4 $1 $15) 28. Ra2 (28. c5 $1 $14 Rb7 (28... Bxc5 $2 {loses.} 29. Nf5 $16) 29. Nf5) 28... dxc4 (28... d4 $11) 29. bxc4 $14 Rdb8 30. Nf5 {[%emt 0:05:08][%cal Of3e5] [#] Hoping for Nxe5!} Rb2+ 31. Rxb2 Rxb2+ 32. Kh1 Kh7 33. Ng5+ hxg5 {[%emt 0:00:06] The position is equal.} 34. Qh5+ Kg8 35. Rxg5 Rb1+ $1 ({Don't blunder} 35... Be7 $2 36. Rxg6 Rb1+ 37. Kg2 $18) 36. Kh2 Rb2+ 37. Kh1 {[%emt 0:00:35] Chess con chili.} Rb1+ $1 ({Not} 37... Be7 $2 38. Rxg6 Rb1+ 39. Kg2 $18) 38. Kh2 Rb2+ 39. Kh1 {[%emt 0:03:10] Weighted Error Value: White=0.15 (very precise) /Black=0.15 (very precise) .  Mistake:       	White=2     	Black=3      Inaccurate:     	White=4     	Black=2      OK:         	White=5     	Black=9      Best:        	White=1     	Black=6      Strong:       	---       	Black=3} 1/2-1/2

[Event "German Bundesliga 2024-25"]
[Site "Germany"]
[Date "2024.11.30"]
[Round "3.7"]
[White "Loxine, Jakov"]
[Black "Dautov, Rustem"]
[Result "1/2-1/2"]
[Annotator "ChessBase"]
[ECO "A13"]
[WhiteElo "2395"]
[BlackElo "2568"]
[PlyCount "40"]
[EventDate "2024.09.27"]
[EventType "team-tourn"]
[EventCountry "GER"]
[SourceTitle "playchess.com"]
[Source "ChessBase"]
[SourceQuality "1"]
[WhiteTeam "TU Dresden"]
[BlackTeam "Deizisau"]
[TimeControl "40/5400+30:1800+30"]

1. c4 e6 2. Nf3 Nf6 3. g3 d5 4. Bg2 dxc4 5. Qa4+ Bd7 6. Qxc4 c5 7. Ne5 Qc8 8. Nxd7 Qxd7 9. O-O Nc6 10. Qa4 Rc8 11. d3 b6 12. Nc3 Be7 13. Bd2 O-O 14. Rfd1 Rfd8 15. Be1 Bf8 16. Rac1 g6 17. e3 Bg7 18. b3 Ne7 19. a3 Qxa4 20. Nxa4 Nfd5 1/2-1/2

[Event "German Bundesliga 2024-25"]
[Site "Germany"]
[Date "2024.11.30"]
[Round "3.8"]
[White "Bologan, Victor"]
[Black "Heinemann, Thies"]
[Result "1-0"]
[Annotator "ChessBase"]
[ECO "B90"]
[WhiteElo "2600"]
[BlackElo "2417"]
[PlyCount "83"]
[EventDate "2024.09.27"]
[EventType "team-tourn"]
[EventCountry "GER"]
[SourceTitle "playchess.com"]
[Source "ChessBase"]
[SourceQuality "1"]
[WhiteTeam "Duesseldorf"]
[BlackTeam "Hamburg"]
[TimeControl "40/5400+30:1800+30"]

1. e4 c5 2. Nf3 d6 3. d4 cxd4 4. Nxd4 Nf6 5. Nc3 a6 6. Be3 Ng4 7. Bg5 h6 8. Bc1 Nf6 9. Bd3 e5 10. Nde2 Be7 11. O-O b5 12. a4 b4 13. Nd5 Nxd5 14. exd5 Nd7 15. a5 Rb8 16. Ng3 Nc5 17. Bc4 Bg5 18. f4 Bxf4 19. Bxf4 exf4 20. Qe1+ Qe7 21. Rxf4 Qe5 22. Bf1 f6 23. Rxb4 Rxb4 24. Qxb4 Qxd5 25. Re1+ Kd8 26. Be2 Nd7 27. Ne4 Bb7 28. Bf3 Re8 29. Kf2 Qc6 30. Nxd6 Qxc2+ 31. Kg3 Rxe1 32. Nxb7+ Kc7 33. Qxe1 Ne5 34. Be4 Qxb2 35. Qd1 Qa3+ 36. Kf2 Qe7 37. Qd4 Nd7 38. Bf5 Kxb7 39. Qxd7+ Qxd7 40. Bxd7 Kc7 41. Be8 Kd6 42. Ke3 1-0

[Event "German Bundesliga 2024-25"]
[Site "Germany"]
[Date "2024.11.30"]
[Round "3.8"]
[White "Heimann, Andreas"]
[Black "Lutz, Ruben"]
[Result "1/2-1/2"]
[Annotator "ChessBase"]
[ECO "C11"]
[WhiteElo "2553"]
[BlackElo "2284"]
[PlyCount "79"]
[EventDate "2024.09.27"]
[EventType "team-tourn"]
[EventCountry "GER"]
[SourceTitle "playchess.com"]
[Source "ChessBase"]
[SourceQuality "1"]
[WhiteTeam "Deizisau"]
[BlackTeam "TU Dresden"]
[TimeControl "40/5400+30:1800+30"]

1. e4 e6 2. d4 d5 3. Nc3 Nf6 4. e5 Nfd7 5. f4 c5 6. Nf3 Nc6 7. Be3 a6 8. Qd2 b5 9. a3 Qa5 10. dxc5 Bxc5 11. Bxc5 Nxc5 12. Ne2 Qb6 13. Ned4 Nxd4 14. Qxd4 Bd7 15. Bd3 a5 16. O-O O-O 17. b4 Na4 18. Qxb6 Nxb6 19. Nd4 Rfc8 20. Nb3 axb4 21. axb4 Ra4 22. Rxa4 bxa4 23. Nc5 Bc6 24. Ra1 Kf8 25. c3 Ke7 26. Kf2 h6 27. Ba6 Ra8 28. b5 Bxb5 29. Bxb5 Ra5 30. Rb1 a3 31. Rb4 a2 32. Nb3 a1=Q 33. Nxa1 Rxa1 34. Bd3 Ra2+ 35. Ke3 Na4 36. Rb7+ Kf8 37. Rc7 g5 38. fxg5 hxg5 39. Be2 Nb2 40. Kf3 1/2-1/2

[Event "German Bundesliga 2024-25"]
[Site "Germany"]
[Date "2024.11.30"]
[Round "3.8"]
[White "Tica, Sven"]
[Black "Reuker, Jari"]
[Result "1/2-1/2"]
[Annotator "TA"]
[ECO "A11"]
[WhiteElo "2428"]
[BlackElo "2408"]
[PlyCount "42"]
[EventDate "2024.09.27"]
[EventType "team-tourn"]
[EventCountry "GER"]
[SourceTitle "playchess.com"]
[Source "ChessBase"]
[SourceQuality "1"]
[WhiteTeam "Heimbach-Weis-Neuwied"]
[BlackTeam "Werder Bremen"]
[TimeControl "40/5400+30:1800+30"]

1. Nf3 d5 2. g3 Bg4 3. Bg2 c6 4. O-O Nd7 5. d3 Ngf6 6. c4 Bxf3 7. exf3 e6 8. f4 g6 9. b3 h5 10. h4 Bg7 11. Bb2 O-O 12. Nd2 a5 13. Nf3 b5 14. Rc1 Qb6 {[%emt 0:05:31] [#]} 15. c5 $1 Qc7 (15... Nxc5 $2 {is the wrong capture.} 16. Bd4 $18) 16. a3 Ng4 17. Bxg7 Kxg7 18. d4 Ndf6 19. Ne5 Nh6 20. Re1 Nf5 21. Qd3 Rad8 1/2-1/2

[Event "German Bundesliga 2024-25"]
[Site "Germany"]
[Date "2024.11.30"]
[Round "3.8"]
[White "Krstic, Petar"]
[Black "Kovacevic, Aleksandar"]
[Result "1/2-1/2"]
[Annotator "ChessBase"]
[ECO "D02"]
[WhiteElo "2270"]
[BlackElo "2447"]
[PlyCount "83"]
[EventDate "2024.09.27"]
[EventType "team-tourn"]
[EventCountry "GER"]
[SourceTitle "playchess.com"]
[Source "ChessBase"]
[SourceQuality "1"]
[WhiteTeam "Deggendorf"]
[BlackTeam "Kirchweyhe"]
[TimeControl "40/5400+30:1800+30"]

1. d4 Nf6 2. Nf3 d5 3. Bf4 c5 4. e3 Nc6 5. Nbd2 cxd4 6. exd4 Bf5 7. c3 e6 8. Qb3 Bd6 9. Bxd6 Qxd6 10. Be2 O-O 11. O-O Na5 12. Qa4 Qc7 13. Rfc1 a6 14. c4 dxc4 15. Nxc4 Nxc4 16. Qxc4 Qb6 17. b4 Nd5 18. a3 Nf4 19. Bf1 Be4 20. Ne5 Qd8 21. g3 Nd5 22. Qe2 Nf6 23. Qe3 Bd5 24. Bd3 a5 25. Qe1 g6 26. bxa5 Rxa5 27. Qb4 b6 28. Nc6 Bxc6 29. Rxc6 Nd5 30. Qb2 Qf6 31. Be4 Rd8 32. Rac1 Kg7 33. R1c4 Qe7 34. a4 Qa7 35. Bxd5 exd5 36. Rb4 Rxa4 37. Rxa4 Qxa4 38. Rxb6 Qd1+ 39. Kg2 Re8 40. Qb5 Qxd4 41. Qxe8 Qxb6 42. Qe5+ 1/2-1/2